Map: Pillars of Gold LE

Players

JonSnow - Winner!

  • Race: Zerg Zerg
  • League: Grandmaster
  • Spawn Location: 7:00

Rhizer

  • Race: Protoss Protoss
  • League: Grandmaster
  • Spawn Location: 1:00

Event: DreamHack SC2 Masters 2020 Winter

VOD

Have the link to the VOD?

Description

Time

  • Played on: Oct. 17, 2020, 8:43 p.m.
  • Length: 14:23

All games in this series

Show
View Real Time Build Order
Export as new Build Order

JonSnow Zerg - Winner!

Build Orders: Hatch First 

Get SALT Encoding   

  12  0:01  Drone  
  13  0:13  Overlord  
  13  0:18  Drone  
  14  0:31  Drone x2  
  14  0:34  Drone  
  17  0:53  Hatchery  
  17  0:56  Drone  
  17  0:59  Drone  
  18  1:08  Extractor  
  17  1:14  Spawning Pool  
  17  1:18  Drone  
  17  1:20  Drone  
  18  1:30  Drone  
  19  1:39  Drone  
  20  1:52  Overlord  
  20  2:02  Queen  
  20  2:05  Queen  
  20  2:06  Zergling x4  
  26  2:12  Metabolic Boost  
  26  2:15  Drone  
  27  2:19  Drone  
  27  2:22  Drone  
  29  2:27  Drone  
  30  2:42  Hatchery  
  29  2:44  Drone  
  29  2:47  Drone  
  29  2:48  Drone  
  32  2:54  Queen  
  32  2:58  Zergling x2  
  35  3:02  Overlord  
  35  3:18  Overlord  
  35  3:21  Drone  
  35  3:22  Drone x5  
  41  3:29  Drone  
  41  3:30  Queen  
  44  3:36  Overlord  
  44  3:38  Overlord  
  44  3:50  Overlord  
  44  3:53  Spore Crawler, Overlord  
  44  3:55  Queen  
  45  3:57  Drone x2  
  45  3:59  Drone  
  48  4:03  Drone x3  
  48  4:07  Drone  
  48  4:08  Drone  
  48  4:09  Drone  
  54  4:16  Queen  
  56  4:18  Drone x2  
  56  4:21  Spore Crawler  
  56  4:24  Spore Crawler  
  55  4:26  Zergling x4  
  55  4:30  Drone x2  
  55  4:31  Drone  
  60  4:39  Lair  
  60  4:41  Drone x4  
  63  4:47  Spore Crawler  
  63  4:49  Evolution Chamber  
  63  4:50  Roach Warren  
  63  4:52  Drone x2  
  62  4:54  Drone  
  62  4:56  Extractor  
  62  4:57  Extractor  
  62  4:58  Drone x2  
  63  5:05  Drone x5  
  68  5:07  Drone  
  68  5:08  Drone  
  68  5:12  Drone  
  68  5:13  Extractor  
  69  5:16  Drone x4  
  73  5:23  Extractor, Queen  
  73  5:24  Extractor  
  73  5:27  Overlord  
  73  5:29  Zerg Missile Weapons Level 1  
  73  5:31  Evolution Chamber  
  73  5:35  Overlord  
  71  5:41  Overlord x2  
  72  5:47  Roach x6  
  84  5:52  Glial Reconstitution  
  84  5:58  Roach x3  
  90  6:05  Overlord x2  
  90  6:09  Roach x4  
  97  6:17  Roach  
  97  6:18  Roach x3  
  105  6:21  Overlord  
  105  6:22  Overlord  
  105  6:31  Roach x4  
  113  6:35  Roach x2  
  117  6:45  Roach x4  
  125  6:49  Overlord  
  125  6:56  Zergling x4  
  125  6:57  Zergling x8  
  125  6:58  Ravager x4  
  135  7:07  Ravager x3  
  137  7:09  Zergling x14  
  137  7:11  Drone  
  137  7:12  Ravager  
  142  7:26  Zergling x16  
  146  7:36  Zergling x4  
  135  7:41  Roach  
  135  7:42  Roach x3  
  127  7:45  Zergling x2  
  127  7:48  Roach  
  117  7:54  Zergling x4  
  108  7:58  Roach  
  108  8:01  Drone  
  108  8:02  Hatchery  
  108  8:03  Drone  
  108  8:05  Zerg Melee Weapons Level 1  
  104  8:06  Baneling Nest  
  104  8:08  Zergling x2  
  101  8:14  Zergling x4  
  94  8:21  Zergling x2  
  94  8:23  Drone  
  93  8:27  Hydralisk Den  
  93  8:28  Drone  
  88  8:37  Drone x5  
  88  8:40  Drone  
  90  8:46  Evolution Chamber  
  88  8:48  Drone x2  
  88  8:49  Hatchery  
  88  8:51  Drone  
  88  8:52  Centrifical Hooks  
  89  8:58  Hydralisk x4  
  97  9:07  Hydralisk x2  
  99  9:10  Grooved Spines  
  99  9:11  Drone x2  
  99  9:12  Drone, Zerg Missile Weapons Level 2  
  99  9:15  Baneling  
  99  9:16  Overseer  
  102  9:18  Baneling  
  102  9:21  Drone x3  
  102  9:22  Drone  
  102  9:23  Drone  
  107  9:25  Drone x3  
  107  9:26  Drone  
  111  9:32  Hydralisk x2  
  111  9:33  Zergling x2  
  111  9:37  Queen  
  118  9:48  Hydralisk x5  
  126  9:57  Extractor x2  
  124  10:04  Hydralisk x7  
  138  10:10  Baneling, Zergling x8  
  142  10:17  Zergling x8  
  146  10:21  Muscular Augments  
  146  10:31  Baneling x8  
  146  10:32  Zergling x26  
  146  10:33  Baneling x2  
  159  10:39  Baneling x8  
  159  10:40  Overlord  
  159  10:51  Overlord  
  159  10:52  Pneumatized Carapace, Zerg Melee Weapons Level 2, Overlord x2  
  158  11:04  Zergling x2  
  158  11:05  Zergling x26  
  172  11:12  Baneling x15  
  172  11:15  Zergling x6  
  175  11:22  Zergling x6  
  169  11:32  Zergling x10  
  171  11:33  Zergling x20  
  174  11:42  Zergling x6  
  169  11:47  Hydralisk x5  
  169  11:51  Hydralisk x2  
  169  11:52  Zergling x2  
  168  11:58  Hydralisk x3  
  168  11:59  Zergling x2  
  161  12:03  Zerg Ground Armor Level 1  
  159  12:12  Hydralisk  
  159  12:13  Hydralisk x4  
  161  12:32  Zergling x30  
  161  12:35  Baneling x13  
  176  12:43  Zergling x2  
  176  12:44  Zergling x12  
  182  12:47  Baneling x5  
  182  12:48  Baneling  
  182  12:50  Zergling x6  
  183  13:01  Zergling x2  
  183  13:02  Zergling x14  
  183  13:04  Baneling x9  
  183  13:05  Baneling  
  165  13:20  Zergling x2  
  165  13:21  Zergling x24  
  148  13:34  Overseer  
  148  13:35  Hydralisk x6  
  143  13:42  Zergling x12  
  143  13:48  Hydralisk x3  
  131  13:50  Baneling x2  
  131  13:51  Baneling  
  137  13:56  Baneling x4  
  137  14:02  Hatchery  
  136  14:07  Infestation Pit  
Show
View Real Time Build Order
Export as new Build Order

Rhizer Protoss 

Build Orders: 1 Gate Expand, Oracle Opening, Archon Immortal 

Get SALT Encoding   

  12  0:00  Probe  
  13  0:12  Probe  
  14  0:18  Pylon  
  14  0:25  Probe (Chrono Boost)  
  15  0:37  Probe (Chrono Boost)  
  15  0:40  Gateway  
  16  0:45  Probe (Chrono Boost)  
  16  0:49  Assimilator  
  17  0:51  Probe  
  18  1:03  Probe  
  19  1:15  Probe  
  19  1:16  Unknown  
  19  1:18  Unknown  
  20  1:19  Unknown  
  20  1:27  Nexus  
  20  1:37  Cybernetics Core  
  20  1:39  Probe  
  21  1:48  Assimilator  
  21  1:51  Probe  
  22  1:55  Pylon  
  22  2:03  Probe  
  23  2:11  Adept (Chrono Boost), Probe  
  26  2:19  Probe  
  26  2:22  Stargate  
  26  2:29  Probe  
  27  2:33  Adept  
  27  2:36  Warp Gate  
  30  2:39  Probe  
  30  2:42  Probe  
  32  2:51  Probe  
  32  2:54  Probe  
  34  3:01  Void Ray (Chrono Boost)  
  34  3:03  Probe  
  34  3:04  Gateway  
  35  3:11  Probe  
  40  3:16  Pylon  
  40  3:18  Probe  
  41  3:24  Probe  
  42  3:30  Probe  
  42  3:34  Oracle (Chrono Boost)  
  43  3:36  Probe  
  47  3:42  Probe  
  47  3:45  Assimilator x2  
  47  3:48  Probe  
  49  3:51  Pylon  
  49  3:54  Probe  
  50  4:00  Probe  
  50  4:01  Oracle (Chrono Boost)  
  51  4:09  Probe  
  55  4:12  Probe  
  56  4:18  Robotics Facility  
  56  4:19  Pylon  
  56  4:21  Probe  
  57  4:24  Adept x2, Probe  
  62  4:37  Nexus, Probe  
  63  4:42  Pylon  
  63  4:46  Pylon  
  63  4:53  Probe  
  63  4:55  Sentry x2  
  63  4:56  Probe  
  69  5:05  Probe  
  69  5:06  Observer (Chrono Boost)  
  71  5:08  Forge  
  71  5:13  Twilight Council  
  71  5:17  Shield Battery  
  71  5:18  Probe (Chrono Boost)  
  71  5:19  Immortal (Chrono Boost)  
  71  5:20  Probe (Chrono Boost)  
  77  5:28  Probe x2 (Chrono Boost)  
  79  5:33  Probe (Chrono Boost)  
  79  5:34  Probe  
  81  5:43  Protoss Ground Weapons Level 1  
  81  5:45  Probe (Chrono Boost)  
  81  5:48  Probe (Chrono Boost)  
  81  5:49  Charge (Chrono Boost)  
  83  5:52  Templar Archives  
  89  5:57  Probe (Chrono Boost), Immortal (Chrono Boost)  
  89  6:00  Probe (Chrono Boost)  
  90  6:04  Gateway, Probe (Chrono Boost)  
  90  6:05  Probe (Chrono Boost)  
  90  6:07  Gateway  
  90  6:11  Probe  
  93  6:17  Shield Battery  
  92  6:18  Shield Battery  
  92  6:19  Shield Battery  
  92  6:25  Probe x2  
  94  6:30  High Templar  
  94  6:31  High Templar  
  98  6:37  Assimilator  
  98  6:43  Pylon x2  
  98  6:50  Gateway  
  98  6:51  Gateway  
  98  6:52  Gateway  
  98  6:55  Gateway  
  98  6:57  Pylon  
  102  7:01  Immortal (Chrono Boost)  
  102  7:02  Archon  
  102  7:03  Zealot  
  102  7:04  High Templar x2, Zealot  
  102  7:08  Archon  
  110  7:12  Pylon  
  110  7:13  Pylon  
  110  7:14  Probe  
  111  7:18  Assimilator  
  111  7:26  Immortal  
  113  7:34  Zealot x2  
  108  7:37  Stalker x2  
  108  7:38  Probe  
  108  7:40  Probe  
  108  7:42  Probe  
  104  7:45  Zealot  
  104  7:50  Zealot x3  
  100  7:55  Zealot x2  
  98  8:00  Zealot x2  
  98  8:05  Immortal  
  87  8:06  Zealot  
  87  8:10  Zealot x3  
  82  8:18  Zealot x2, Probe  
  75  8:22  Zealot x2  
  74  8:28  Shield Battery  
  74  8:29  Zealot x3  
  60  8:42  High Templar x4  
  60  8:44  Immortal (Chrono Boost)  
  60  8:46  Archon x2  
  60  8:48  Sentry  
  68  8:50  High Templar x2, Zealot  
  68  8:54  Archon  
  74  9:03  Observer  
  74  9:07  Probe x3  
  75  9:13  Warp Prism (Chrono Boost)  
  75  9:14  High Templar  
  75  9:15  High Templar, Zealot  
  75  9:16  Zealot x2  
  87  9:19  Pylon  
  87  9:21  Archon  
  87  9:23  Probe  
  88  9:25  Probe  
  88  9:26  Probe  
  88  9:27  Psionic Storm  
  90  9:35  Probe  
  90  9:37  Probe  
  92  9:44  Zealot x2  
  94  9:46  Protoss Ground Weapons Level 2 (Chrono Boost)  
  94  9:50  Probe  
  95  9:54  Probe  
  95  9:59  Zealot  
  98  10:00  Probe  
  98  10:02  Assimilator  
  98  10:04  Shield Battery  
  99  10:07  High Templar x2  
  99  10:12  Observer (Chrono Boost)  
  99  10:13  Probe  
  99  10:14  Probe  
  105  10:20  Probe  
  106  10:26  Pylon, Probe  
  106  10:27  High Templar  
  106  10:28  Zealot x3  
  111  10:29  Observer (Chrono Boost)  
  116  10:37  Pylon, Robotics Facility  
  116  10:46  Nexus  
  116  10:47  High Templar  
  118  10:51  Immortal (Chrono Boost)  
  122  10:58  Probe x2  
  122  11:01  Pylon  
  118  11:06  Probe  
  118  11:10  Probe x2  
  121  11:12  Pylon  
  121  11:15  Photon Cannon  
  121  11:17  Shield Battery  
  121  11:18  Probe  
  122  11:22  Zealot  
  122  11:23  Zealot, Observer  
  117  11:32  High Templar  
  117  11:33  High Templar x3  
  117  11:37  Archon  
  117  11:38  Archon  
  123  11:43  Zealot x4  
  119  11:54  Immortal  
  105  11:56  Archon  
  105  12:00  Probe x4  
  101  12:05  High Templar  
  101  12:06  High Templar  
  101  12:07  Zealot x3  
  111  12:12  Probe  
  112  12:16  Photon Cannon, Probe  
  112  12:17  Probe  
  112  12:18  Photon Cannon  
  108  12:31  High Templar  
  108  12:32  High Templar, Zealot x2  
  108  12:33  Zealot  
  108  12:34  Probe  
  119  12:39  Probe x3  
  119  12:40  Archon  
  121  12:48  Stalker  
  121  12:49  Stalker  
  121  12:51  Probe  
  124  13:02  Zealot x3  
  124  13:04  Probe  
  127  13:06  Probe x2  
  117  13:20  High Templar x2  
  117  13:21  Warp Prism  
  117  13:24  Archon x2  
  117  13:25  High Templar x2  
  109  13:33  High Templar x2  
  107  13:38  Archon  
  107  13:40  Zealot  
  93  13:44  Probe x4  
  93  13:47  Archon  
  85  13:49  High Templar  
  85  13:53  Assimilator  
  85  13:55  Assimilator  
  87  13:56  Probe x4  
  91  14:03  High Templar  
  91  14:08  Probe x3  
  96  14:11  Zealot x4  
Tags
 
Add a new tag
Caveats
  • Supply blocks, unpowered buildings, or Contaminate may cause inaccurate times.
  • Supply counts are checked every 10 seconds.